AoeStats
← Dasran

Nomad

505880447Analyzed
3v3 RM · 21d ago on Sep 11, 2026· 77m 30s· 6 players
Game mode
Random Map
Map size
210×210
Population
200
Speed
Normal
Resources
Standard
Victory
Conquest
Starting age
Dark Age
Ending age
Imperial Age
RankedLock teamsTeams togetherTeam positionsShared explorationLock speedFull tech treeHidden civsTurbo modeCheats
Victory
Defeat
🇫🇮 Tatars · Finland
1558
+11
🇫🇮 Malay · Finland
1495
+14
🇫🇮 Lithuanians · Finland
1436
+16
🇫🇷 Franks · France
1537
-17
🇫🇷 Dravidians · France
1430
-13
🇫🇷 Celts · France
1381
-11
Dasran
7:28 Loom
15:15 Feudal Age
19:36 Castle Age
18:06 Double-Bit Axe
26:05 Gold Mining
26:29 Crossbowman
28:13 Town Watch
28:54 Fletching
29:47 Horse Collar
30:39 Bodkin Arrow
31:42 Heavy Plow
31:53 Bow Saw
32:54 Ballistics
34:18 Gold Shaft Mining
33:56 Stone Mining
35:46 Padded Archer Armor
38:19 Imperial Age
37:54 Bracer
38:15 Arbalester
39:16 Thumb Ring
41:14 Chemistry
41:10 Conscription
41:52 Siege Engineers
42:40 Leather Archer Armor
42:38 Masonry
43:25 Treadmill Crane
46:22 Murder Holes
49:59 Bombard Tower
50:30 Wheelbarrow
49:55 Town Patrol
50:38 Husbandry
49:59 Elite Battle Elephant
50:44 Scale Barding Armor
52:33 Pikeman
53:15 Squires
53:26 Halberdier
61:26 Guilds
64:58 Forging
70:11 Iron Casting
70:07 Ring Archer Armor
70:09 Man-at-Arms
70:35 Arson
71:52 Blast Furnace
72:12 Long Swordsman
72:59 Two-Handed Swordsman
74:05 Forced Levy
Pyrrhos
5:33 Loom
12:24 Feudal Age
13:16 Double-Bit Axe
13:49 Town Watch
16:55 Fishing Lines
24:50 Castle Age
25:54 Gillnets
28:10 Medium Warships
31:42 Bow Saw
36:56 Imperial Age
34:55 Horse Collar
35:40 Gold Mining
35:54 Fletching
36:05 Padded Archer Armor
36:47 Bloodlines
37:46 Wheelbarrow
38:00 Bodkin Arrow
38:20 Husbandry
39:16 Ballistics
39:56 Bracer
41:01 Leather Archer Armor
42:08 Chemistry
42:27 Hand Cart
42:14 Heavy Plow
43:41 Ring Archer Armor
45:30 Silk Armor
45:47 Heavy Cavalry Archer
48:22 Scale Barding Armor
48:27 Forging
50:11 Conscription
53:03 Chain Barding Armor
53:19 Iron Casting
52:05 Light Cavalry
53:19 Crop Rotation
54:47 Plate Barding Armor
53:33 Hussar
56:52 Blast Furnace
66:53 Caravan
69:54 Gold Shaft Mining
72:50 Masonry
72:46 Siege Engineers
75:32 Timurid Siegecraft
Blodir
8:22 Loom
14:00 Feudal Age
17:48 Castle Age
16:54 Wheelbarrow
18:34 Double-Bit Axe
18:31 Horse Collar
18:46 Gold Mining
21:09 Scale Barding Armor
22:31 Chain Barding Armor
22:23 Bow Saw
23:32 Horse Collar
29:56 Forging
30:51 Medium Warships
31:15 Heavy Plow
32:40 Fletching
32:51 Padded Archer Armor
35:17 Hand Cart
34:38 Elite Skirmisher
35:15 Bodkin Arrow
36:32 Leather Archer Armor
38:28 Iron Casting
41:27 Imperial Age
40:34 Stone Mining
42:12 Scale Mail Armor
42:56 Plate Barding Armor
42:49 Bracer
43:53 Conscription
43:08 Pikeman
43:49 Squires
46:14 Halberdier
50:10 Scale Mail Armor
50:01 Arson
50:49 Tower Shields
53:30 Chain Mail Armor
53:46 Ring Archer Armor
54:27 Bloodlines
54:18 Husbandry
55:38 Ballistics
55:29 Masonry
56:09 Elite Leitis
60:40 Chemistry
60:10 Architecture
60:15 Murder Holes
65:41 Ring Archer Armor
68:11 Caravan
69:10 Treadmill Crane
72:19 Two-Man Saw
[TETU] tachou
13:25 Feudal Age
15:36 Loom
18:14 Castle Age
28:57 Wheelbarrow
28:11 Town Watch
32:31 Imperial Age
30:06 Pikeman
31:02 Scale Mail Armor
31:36 Squires
32:13 Hand Cart
32:37 Double-Bit Axe
32:55 Halberdier
34:16 Chain Mail Armor
34:43 Scale Barding Armor
35:39 Cavalier
36:21 Husbandry
36:44 Forging
38:37 Chain Barding Armor
38:55 Paladin
39:35 Husbandry
41:50 Plate Barding Armor
42:45 Iron Casting
44:45 Masonry
45:11 Hoardings
48:19 Architecture
48:09 Ballistics
47:42 Fletching
47:56 Herbal Medicine
48:55 Bodkin Arrow
50:32 Conscription
51:38 Blast Furnace
52:52 Chemistry
53:45 Bow Saw
57:55 Plate Mail Armor
56:49 Light Cavalry
Ghalta
9:26 Loom
12:45 Feudal Age
13:39 Double-Bit Axe
23:48 Wheelbarrow
25:40 Castle Age
23:39 Horse Collar
25:17 Gold Mining
25:31 Scale Mail Armor
26:33 Pikeman
27:29 Chain Mail Armor
27:30 Bow Saw
29:50 Forging
30:26 Gambesons
31:31 Town Watch
33:01 Arson
37:42 Heavy Plow
43:34 Imperial Age
44:00 Hand Cart
44:32 Halberdier
46:44 Plate Mail Armor
47:15 Iron Casting
47:35 Onager
51:45 Blast Furnace
51:02 Siege Onager
61:47 Siege Engineers
62:00 Fortified Wall
76:06 Conscription
Beber
6:13 Loom
12:37 Loom
15:54 Feudal Age
19:58 Castle Age
29:33 Fletching
29:44 Padded Archer Armor
54:45 Wheelbarrow
53:56 Town Watch
54:23 Double-Bit Axe
58:07 Gold Mining
58:08 Stone Mining
59:30 Hand Cart
62:49 Imperial Age
61:43 Ballistics
61:25 Bodkin Arrow
62:47 Leather Archer Armor
62:41 Thumb Ring
64:35 Chemistry
63:39 Bracer
67:57 Pikeman
68:38 Squires
69:10 Halberdier
72:31 Elite Elephant Archer
Connection lost

Rejoining the realm…

Still unreachable

The connection could not be restored.

Session expired

The server has moved on; the page needs a fresh start.